 Dungeon Crawl Stone Soup version 0.24.1-8-ga250c9d538 (webtiles) character file.

Game seed: 4854838971340696608, levelgen mode: deterministic

95 Atelerd the Sneak (level 4, 0/28 HPs)
             Began as an Octopode Wizard on Apr 28, 2020.
             Slain by an adder (3 damage)
             ... on level 3 of the Dungeon.
             The game lasted 00:05:41 (1855 turns).

Atelerd the Sneak (Octopode Wizard)                 Turns: 1855, Time: 00:05:41

Health: 0/28       AC:  1    Str:  6    XL:     4   Next: 66%
Magic:  1/8        EV: 13    Int: 21    God:
Gold:   97         SH:  0    Dex: 10    Spells: 2/9 levels left

rFire    . . .     SeeInvis .   o - +4 mace (venom)
rCold    . . .     Gourm    .   (no shield)
rNeg     . . .     Faith    .   a - +0 hat
rPois    .         Spirit   .   (no amulet)
rElec    .         Reflect  .   (no ring)
rCorr    .         Harm     .   (no ring)
MR       .....                  (no ring)
Stlth    +++.......             (no ring)
HPRegen  0.09/turn              (no ring)
MPRegen  0.11/turn              (no ring)
                                (no ring)
                                (no ring)

@: lethally poisoned (0 -> -1), very slightly contaminated
A: almost no armour, stealthy swim, amphibious, 8 rings, constrict 8, camouflage
1, gelatinous body 1
a: no special abilities


You were on level 3 of the Dungeon.
You were not hungry.

You visited 1 branch of the dungeon, and saw 3 of its levels.

You collected 97 gold pieces.

Inventory:

Hand Weapons
 h - a +0 hand axe of flaming
 o - a +4 mace of venom (weapon)
Armour
 a - a +0 hat (worn)
Jewellery
 m - an uncursed ring of ice
Scrolls
 b - 2 scrolls of identify {unknown}
 d - a scroll of teleportation {unknown}
 e - 2 scrolls of enchant weapon {unknown}
 g - a scroll of immolation {unknown}
 i - 2 scrolls of remove curse
 j - 2 scrolls of magic mapping {unknown}
Potions
 f - a potion of degeneration {unknown}
 k - a potion of invisibility {unknown}
 l - a potion of curing {unknown}
Comestibles
 c - 4 rations


   Skills:
 + Level 1.2 Fighting
 + Level 2.4 Dodging
 + Level 3.5 Stealth
 + Level 3.3 Spellcasting
 * Level 2.4 Conjurations
   Level 1.0 Summonings
   Level 1.0 Translocations
 + Level 0.8 Air Magic
 + Level 0.8 Poison Magic


You had 2 spell levels left.
You knew the following spells:

 Your Spells              Type           Power        Failure   Level  Hunger
a - Magic Dart            Conj           ##..         4%          1    None
b - Mephitic Cloud        Conj/Pois/Air  #.......     22%         3    ###....
c - Conjure Flame         Conj/Fire      #.......     24%         3    ###....

Your spell library contained the following spells:

 Spells                   Type           Power        Failure   Level  Hunger
 Blink                    Tloc           N/A          13%         2    ##.....
 Call Imp                 Summ           #.......     13%         2    ##.....
 Slow                     Hex            #.......     21%         2    ##.....


Dungeon Overview and Level Annotations

Branches:
Dungeon (3/15)

Altars:


Innate Abilities, Weirdness & Mutations

You cannot wear most types of armour.
You are very stealthy in the water. (Stealth+)
You are amphibious.
You can wear up to eight rings at the same time.
You can use your tentacles to constrict eight enemies at once.
Your skin changes colour to match your surroundings (Stealth+).
Your rubbery body absorbs attacks. (AC +1, EV +1)


Message History

The air around you crackles with energy!
The adder bites you. The adder closely misses you.
Casting: Magic Dart (safe; 4% risk of failure)
Confirm with . or Enter, or press ? or * to list all spells.
Aiming: Magic Dart (safe; 4% risk of failure)
Press: ? - help, Shift-Dir - straight line, f/p - adder
Aim: an adder (heavily wounded)
The magic dart hits the adder.
The adder is almost dead.
You feel sick. The adder bites you.
* * * LOW HITPOINT WARNING * * *
Casting: Magic Dart (safe; 4% risk of failure)
Confirm with . or Enter, or press ? or * to list all spells.
Aiming: Magic Dart (safe; 4% risk of failure)
Press: ? - help, Shift-Dir - straight line, f/p - adder
Aim: an adder (almost dead)
The magic dart hits the adder but does no damage.
The adder is almost dead.
The adder bites you.
You die...

#..........# .#
.........##.# #
##.######.#...
#.########
#........+
########.########
#........#
#.#####..#########
#....@S....#
#.########.# #...
#..# #... #.## #.


You could see an adder.

Vanquished Creatures
  Crazy Yiuf (D:2)
  A centaur skeleton (D:2)
  2 dart slugs (D:1)
  3 leopard geckos (D:2)
  5 bats
  A giant cockroach (D:1)
  4 goblins
  2 hobgoblins
  3 quokkas (D:2)
  A frilled lizard (D:1)
  6 kobolds
  2 rats
31 creatures vanquished.

Notes
Turn   | Place    | Note
-------+----------+-------------------------------------------
     0 | D:1      | Atelerd the Octopode Wizard began the quest for the Orb.
     0 | D:1      | Reached XP level 1. HP: 11/11 MP: 4/4
   285 | D:1      | Reached XP level 2. HP: 17/17 MP: 0/6
  1069 | D:2      | Reached XP level 3. HP: 22/22 MP: 0/7
  1074 | D:2      | Learned a level 3 spell: Mephitic Cloud
  1312 | D:2      | Found a runed translucent door.
  1313 | D:2      | Noticed Crazy Yiuf
  1393 | D:2      | Reached skill level 1 in Fighting
  1393 | D:2      | Reached XP level 4. HP: 19/28 MP: 0/8
  1466 | D:2      | Learned a level 3 spell: Conjure Flame
  1717 | D:2      | Killed Crazy Yiuf
  1855 | D:3      | Slain by an adder

Levels and vault maps discovered:
D:1:      erik_arrival_blinker_ship, layout_loops_ring
D:2:      layout_rooms, kennysheep_generic_room_9, uniq_crazy_yiuf_cottage
D:3:      layout_basic, lemuel_round_altar, uniq_natasha

Skill      XL: |  1  2  3 |
---------------+----------+-----
Stealth        | 3 |  3.5
Conjurations   | 2 |  2.4
Fighting       | 1 |  1.2
Dodging        | |  2.4
Spellcasting   | |  3.3
Summonings     | |  1.0
Translocations | |  1.0
Air Magic      | |  0.8
Poison Magic   | |  0.8

Action                   |  1- 3 |  4- 6 || total
-------------------------+-------+-------++-------
Melee: Unarmed           |    11 |       ||    11
       Constrict         |     4 |     1 ||     5
       Tentacles         |     2 |       ||     2
       Hand axe          |    12 |     3 ||    15
       Mace              |       |     3 ||     3
 Cast: Magic Dart        |    68 |     7 ||    75
       Mephitic Cloud    |       |     1 ||     1
  Use: Scroll            |     1 |       ||     1
  Eat: Chunk             |     1 |     2 ||     3
Armor: Skin              |     4 |       ||     4
Dodge: Dodged            |    30 |     7 ||    37
